Map: Dusk Towers

Players

Sapitek

  • Race: Zerg Zerg
  • League: Platinum

blackxored - Winner!

  • Race: Zerg Zerg
  • League: Platinum

VOD

Have the link to the VOD?

Description

Time

  • Played on: June 26, 2016, 8:09 p.m.
  • Length: 8:06
Show
View Real Time Build Order
Export as new Build Order

Sapitek Zerg 

Build Orders: Hatch First 

Get SALT Encoding   

  12  0:01  Drone  
  13  0:12  Overlord  
  13  0:17  Drone  
  14  0:35  Drone x2  
  16  0:37  Drone  
  17  0:55  Hatchery  
  16  1:08  Spawning Pool  
  16  1:10  Extractor, Drone  
  15  1:18  Drone x2  
  17  1:21  Drone  
  18  1:34  Drone  
  19  1:43  Overlord  
  19  1:55  Queen  
  19  1:58  Zergling x2  
  22  2:05  Zergling x2  
  23  2:10  Baneling Nest, Queen  
  23  2:11  Zergling x2  
  23  2:15  Zergling x2  
  26  2:19  Zergling x2  
  27  2:25  Zergling x2  
  28  2:33  Zergling x2  
  28  2:36  Metabolic Boost  
  29  2:41  Zergling x2  
  29  2:42  Zergling x2  
  31  2:55  Zergling x4  
  31  2:58  Overlord  
  33  3:22  Baneling x3  
  33  3:23  Baneling x2  
  33  3:24  Zergling x10  
  33  3:25  Zergling x4  
  39  3:36  Drone x2  
  39  3:37  Drone x2  
  43  4:05  Roach Warren  
  42  4:11  Drone  
  42  4:15  Overlord  
  43  4:18  Hatchery  
  42  4:35  Drone x4  
  42  4:36  Drone x2  
  48  4:46  Queen  
  48  4:51  Drone  
  48  4:52  Overlord  
  51  4:58  Overlord  
  51  5:10  Drone  
  52  5:27  Drone x2  
  54  5:28  Extractor, Drone  
  54  5:30  Drone x4  
  54  5:31  Drone x3  
  61  5:40  Drone, Evolution Chamber  
  61  5:41  Drone, Evolution Chamber  
  61  5:50  Lair  
  61  5:56  Extractor  
  60  5:57  Extractor  
  60  6:02  Drone x2  
  60  6:03  Roach x3  
  60  6:04  Roach x3  
  67  6:46  Drone x3  
  71  6:47  Drone x2  
  71  6:48  Roach  
  71  6:49  Overlord  
  71  6:50  Overlord x3  
  61  7:02  Roach x6  
  67  7:11  Spine Crawler  
  67  7:13  Roach x4  
  65  7:28  Roach  
  65  7:29  Roach x2  
  42  7:37  Roach  
  42  7:43  Zergling x6  
  38  7:45  Zergling x6  
Show
View Real Time Build Order
Export as new Build Order

blackxored Zerg - Winner!

Build Orders: Hatch First 

Get SALT Encoding   

  12  0:02  Drone  
  13  0:09  Drone  
  14  0:20  Overlord  
  14  0:24  Extractor  
  14  0:25  Drone  
  15  0:40  Drone x2  
  17  0:54  Hatchery  
  17  0:57  Drone  
  17  0:58  Drone  
  18  1:11  Extractor  
  17  1:13  Spawning Pool  
  17  1:16  Drone  
  17  1:20  Drone  
  18  1:29  Drone  
  19  1:41  Overlord  
  19  1:51  Drone  
  20  2:02  Queen  
  20  2:06  Queen  
  20  2:08  Zergling x4  
  26  2:12  Roach Warren, Drone  
  26  2:23  Drone x2  
  28  2:33  Drone x2  
  30  2:52  Roach x3  
  36  3:02  Overlord  
  36  3:17  Overlord  
  35  3:20  Overlord  
  35  3:30  Drone x5  
  42  3:34  Roach, Spine Crawler  
  42  3:40  Drone  
  42  3:50  Lair  
  42  3:56  Roach  
  42  3:57  Roach x3  
  42  3:59  Queen  
  52  4:07  Roach x2  
  56  4:14  Extractor  
  56  4:15  Drone  
  56  4:20  Drone  
  57  4:25  Drone  
  57  4:28  Drone  
  59  4:42  Drone  
  59  4:43  Overlord  
  60  4:47  Overlord  
  60  4:48  Glial Reconstitution  
  60  4:53  Evolution Chamber  
  60  4:54  Drone  
  60  5:01  Overlord x2, Queen x2  
  64  5:11  Overlord  
  64  5:16  Overlord x2  
  64  5:19  Zerg Missile Weapons Level 1  
  66  5:21  Roach x2  
  66  5:26  Roach x2  
  72  5:33  Roach  
  74  5:37  Roach  
  76  5:44  Roach x3  
  76  5:45  Roach  
  84  5:55  Roach x2  
  88  6:02  Drone  
  88  6:03  Extractor  
  88  6:04  Extractor  
  87  6:15  Roach x2  
  87  6:16  Roach x3  
  97  6:27  Roach  
  97  6:28  Roach  
  101  6:33  Drone x3  
  104  6:51  Roach x2  
  108  7:01  Roach x2  
  106  7:10  Roach  
  108  7:22  Overlord x3  
  102  7:39  Roach  
  102  7:40  Roach x3  
  110  7:47  Hatchery  
Tags
 
Add a new tag
Caveats
  • Supply blocks, unpowered buildings, or Contaminate may cause inaccurate times.
  • Supply counts are checked every 10 seconds.